 Dungeon Crawl Stone Soup version 0.29-a0-1023-g6ae1a4a2c7 (webtiles) character file.

Game seed: 16957998617470374399

1626 HoaS the Skirmisher (level 8, -3/44 HPs)
             Began as a Tengu Hunter on Aug 11, 2022.
             Was a Believer of Okawaru.
             Slain by Maggie
             ... wielding a +0 broad axe
              (14 damage)
             ... on level 7 of the Dungeon.
             The game lasted 00:13:49 (7100 turns).

HoaS the Skirmisher (Tengu Hunter)                  Turns: 7100, Time: 00:13:50

Health: -3/44      AC:  4    Str: 12    XL:     8   Next: 97%
Magic:  11/11      EV: 14    Int: 10    God:    Okawaru [**....]
Gold:   382        SH:  5    Dex: 19    Spells: 7/7 levels left

rFire   . . .      SeeInvis .   a - +0 shortbow
rCold   . . .      Faith    .   (shield currently unavailable)
rNeg    . . .      Spirit   .   c - +0 leather armour
rPois   .          Reflect  +   (helmet restricted)
rElec   .          Harm     .   f - +0 cloak
rCorr   +          Rampage  .   (no gloves)
Will    .....                   (boots unavailable)
Stlth   ++........              n - amulet of reflection
HPRegen 0.14/turn               g - ring of resist corrosion
MPRegen 0.12/turn               (no ring)

@: mighty, flying quickly and evasively, mesmerised, quick
A: beak, talons 3, nimble flight
a: Renounce Religion, Heroism


You were on level 7 of the Dungeon.
You worshipped Okawaru.
Okawaru was pleased with you.
You visited 1 branch of the dungeon, and saw 7 of its levels.

You collected 382 gold pieces.

Inventory:

Hand Weapons
 a - a +0 shortbow (weapon)
Armour
 c - a +0 leather armour (worn)
 f - a +0 cloak (worn)
Jewellery
 g - a ring of resist corrosion (left hand)
 n - an amulet of reflection (around neck)
 p - an amulet of guardian spirit
Wands
 e - a wand of iceblast (32)
 h - a wand of flame (8)
 r - a wand of mindburst (19)
 s - a wand of paralysis (8)
Scrolls
 b - 6 scrolls of immolation
 d - 5 scrolls of identify
 k - 3 scrolls of blinking
 l - a scroll of teleportation
Potions
 j - 2 potions of mutation
 m - a potion of lignification
 o - a potion of berserk rage
 q - a potion of cancellation
 t - a potion of resistance


   Skills:
 - Level 2.0 Fighting
 * Level 12.1 Ranged Weapons
 - Level 2.1 Dodging
 - Level 1.0 Stealth
 - Level 3.0 Invocations


You had 7 spell levels left.
You didn't know any spells.
Your spell library was empty.

Dungeon Overview and Level Annotations

Branches:
Dungeon (7/15)
 Temple: D:4-7

Altars:
Ashenzari
Cheibriados
Dithmenos
Gozag
Hepliaklqana
Nemelex Xobeh
Okawaru
Qazlal
Trog
Uskayaw
Vehumet
Wu Jian
The Shining One

Annotations:
D:7 Maggie


Innate Abilities, Weirdness & Mutations

You have a beak for a mouth.
You have claws for feet.
Your magical nature lets you fly swiftly and evasively.


Message History

Maggie completely misses you.
You shoot an arrow. The arrow hits Maggie.
Maggie is severely wounded.
You shoot an arrow. The arrow completely misses Maggie.
Maggie hits you with a +0 broad axe!!
You are too injured to fight recklessly!
You are too injured to fight recklessly!
You are too injured to fight recklessly!
You are too injured to fight recklessly!
You are too injured to fight recklessly!
Okay, then.
Fire: a) +0 shortbow
Press: ? - help, Q - select action, (/) - cycle Shift-Dir - straight line, f/p - Maggie
Aim: Maggie, wielding a +0 broad axe and wearing +0 swamp dragon scales (severely wounded, mesmerising, 74% to hit)
You shoot an arrow.
The arrow hits Maggie but does no damage.
Maggie is severely wounded.
Maggie hits you with a +0 broad axe.
* * * LOW HITPOINT WARNING * * *
Fire: a) +0 shortbow
Press: ? - help, Q - select action, (/) - cycle Shift-Dir - straight line, f/p - Maggie
Aim: Maggie, wielding a +0 broad axe and wearing +0 swamp dragon scales (severely wounded, mesmerising, 74% to hit)
You shoot an arrow.
The arrow hits Maggie but does no damage.
Maggie is severely wounded.
Fire: a) +0 shortbow
Press: ? - help, Q - select action, (/) - cycle Shift-Dir - straight line, f/p - Maggie
Aim: Maggie, wielding a +0 broad axe and wearing +0 swamp dragon scales (severely wounded, mesmerising, 74% to hit)
You shoot an arrow.
The arrow hits Maggie but does no damage.
Maggie is severely wounded.
You feel like a meek peon again. You block Maggie's attack.
Fire: a) +0 shortbow
Press: ? - help, Q - select action, (/) - cycle Shift-Dir - straight line, f/p - Maggie
Aim: Maggie, wielding a +0 broad axe and wearing +0 swamp dragon scales (severely wounded, mesmerising, 71% to hit)
You shoot an arrow. The arrow hits Maggie.
Maggie is severely wounded.
Maggie hits you with a +0 broad axe!
You die...

# .#... .# ..... .#
#...## #.# # #.....
..#.##<
.####....####.......
............@@##.##
.....(..............
.............##....
###....####.# #..
#.........# .
#...#####... ..#
#...#### ###
#.###....).#
........##.#


You could see Maggie (mesmerising).

Vanquished Creatures
  Sigmund (D:3)
  A sky beast (D:5)
  A black bear (D:6)
  The ghost of PeterMcNeter the Shooter, an amateur MiHu (D:3)
  A phantom (D:5)
  2 bullfrogs
  3 scorpions
  3 necrophages
  3 howler monkeys
  3 hounds
  Crazy Yiuf (D:3)
  Terence (D:2)
  4 iguanas
  2 orc wizards
  7 gnolls
  5 adders
  A shadow imp (D:6)
  2 ufetubi
  2 worms
  2 dart slugs (D:3)
  15 orcs
  13 ball pythons
  5 endoplasms
  4 giant cockroaches
  7 goblins
  7 hobgoblins
  6 kobolds
  3 quokkas
  4 bats
  3 frilled lizards
  3 rats
116 creatures vanquished.

Vanquished Creatures (others)
  A fungus (D:3)
  17 plants (D:3)
18 creatures vanquished.

Grand Total: 134 creatures vanquished

Notes
Turn   | Place    | Note
-------+----------+-------------------------------------------
     0 | D:1      | HoaS the Tengu Hunter began the quest for the Orb.
     0 | D:1      | Reached XP level 1. HP: 12/12 MP: 2/2
   180 | D:1      | Reached XP level 2. HP: 17/17 MP: 3/3
   223 | D:1      | Reached skill level 5 in Ranged Weapons
   996 | D:2      | Noticed Terence
  1005 | D:2      | Killed Terence
  1006 | D:2      | Reached XP level 3. HP: 19/21 MP: 4/4
  1023 | D:2      | Found a glowing golden altar of the Shining One.
  1223 | D:2      | Reached skill level 6 in Ranged Weapons
  1247 | D:2      | Reached XP level 4. HP: 26/26 MP: 5/5
  2102 | D:3      | Noticed Sigmund
  2465 | D:3      | Found a runed translucent door.
  2467 | D:3      | Noticed PeterMcNeter's ghost (amateur MiHu)
  2717 | D:3      | Found a runed translucent door.
  2718 | D:3      | Noticed Crazy Yiuf
  2771 | D:3      | Found a sparkling altar of Nemelex Xobeh.
  2774 | D:3      | Found an iron altar of Okawaru.
  2775 | D:3      | Found an ornate altar of the Wu Jian Council.
  2780 | D:3      | Found a radiant altar of Vehumet.
  2781 | D:3      | Found a glowing golden altar of the Shining One.
  2784 | D:3      | Found a snail-covered altar of Cheibriados.
  2785 | D:3      | Found a hazy altar of Hepliaklqana.
  2785 | D:3      | Found a stormy altar of Qazlal.
  2788 | D:3      | Found a shadowy altar of Dithmenos.
  2791 | D:3      | Found an opulent altar of Gozag.
  2792 | D:3      | Found a broken altar of Ashenzari.
  2819 | D:3      | Became a worshipper of Warmaster Okawaru
  3112 | D:3      | Found a runed translucent door.
  3113 | D:3      | Noticed a bullfrog
  3137 | D:3      | Found a faded altar of an unknown god.
  3173 | D:3      | Gained mutation: Your magical nature lets you fly swiftly
                  | and evasively. [Tengu growth]
  3173 | D:3      | Reached XP level 5. HP: 28/30 MP: 6/6
  3187 | D:3      | Reached skill level 7 in Ranged Weapons
  3187 | D:3      | Reached skill level 1 in Invocations
  3369 | D:3      | Killed PeterMcNeter's ghost
  3370 | D:3      | Reached XP level 6. HP: 34/35 MP: 6/8
  3447 | D:3      | Killed Crazy Yiuf
  3606 | D:3      | Killed Sigmund
  3606 | D:3      | Reached * piety under Okawaru
  3607 | D:3      | Reached skill level 8 in Ranged Weapons
  3607 | D:3      | Reached XP level 7. HP: 23/40 MP: 9/9
  4575 | D:5      | Entered Level 5 of the Dungeon
  4606 | D:5      | Reached skill level 9 in Ranged Weapons
  5044 | D:5      | Found a bloodstained altar of Trog.
  5102 | D:5      | Reached XP level 8. HP: 41/44 MP: 11/11
  5147 | D:5      | Reached skill level 10 in Ranged Weapons
  6542 | D:6      | Reached ** piety under Okawaru
  6543 | D:6      | Reached skill level 11 in Ranged Weapons
  6746 | D:6      | Noticed a +0 spear
  6746 | D:6      | Noticed a +0 dagger
  6746 | D:6      | Noticed a +0 falchion
  6747 | D:6      | Noticed a +0 short sword
  6747 | D:6      | Noticed a +0 falchion
  6748 | D:6      | Noticed a +0 short sword
  6749 | D:6      | Noticed a +0 dagger
  6749 | D:6      | Noticed a +0 spear
  6773 | D:6      | Found a hide-covered altar of Uskayaw.
  6916 | D:6      | Reached skill level 12 in Ranged Weapons
  7074 | D:7      | Noticed Maggie
  7100 | D:7      | Slain by Maggie

Illustrated notes

Levels and vault maps discovered:
D:1:      spicycebolla_green_bress_n_ham, layout_rooms
D:2:      layout_basic, basic_altar, uniq_terence
D:3:      layout_loops_corners, nicolae_overflow_hallway_of_the_gods,
          ebering_ecumenical_altar_rust, ebering_ghost_sewer_f,
          serial_bayou_lagoon_b, uniq_sigmund, uniq_crazy_yiuf_cottage
D:4:      layout_basic
D:5:      layout_layer_cave, nicolae_overflow_hidden_temple, feat_on_display
D:6:      layout_basic, nicolae_uskayaw_en_pointe
D:7:      layout_loops_cross, minmay_temple_entry_sparse_star,
          gammafunk_ghost_berserking_beasts, uniq_maggie

Skill      XL: |  1  2  3  4  5  6  7  8 |
---------------+-------------------------+-----
Ranged Weapons | 5 6 7 8 9 12 | 12.1
Invocations    | 1 2 3 |  3.0
Fighting       | |  2.0
Dodging        | |  2.1
Stealth        | |  1.0

Action                   |  1- 3 |  4- 6 |  7- 9 || total
-------------------------+-------+-------+-------++-------
 Fire: Shortbow          |    66 |   111 |   311 ||   488
Invok: Heroism           |       |       |     1 ||     1
  Use: Potion            |     1 |     3 |     7 ||    11
       Scroll            |       |     7 |     9 ||    16
Armor: Leather armour    |     4 |    12 |    22 ||    38
Dodge: Dodged            |    13 |    23 |    89 ||   125
Block: Other             |       |     7 |    30 ||    37
       Reflection        |       |     1 |     2 ||     3

Table legend: (Time is in decaauts)
 A = Elapsed time spent in this place.
 B = Non-inter-level travel time spent in this place.
 C = Inter-level travel time spent in this place.
 D = Time resting spent in this place.
 E = Time spent auto-exploring this place.
 F = Levels seen in this place.
 G = Mean time per level.
                   A        B        C        D        E       F      G
               +--------+--------+--------+--------+--------+-----+--------+
         Total |   6925 |   6653 |    272 |   2107 |   3589 |   7 |  989.3 |
       Dungeon |   6925 |   6653 |    272 |   2107 |   3589 |   7 |  989.3 |
               +--------+--------+--------+--------+--------+-----+--------+

Top non-repeatable levels by time:
     D:3: 1849 daAuts
     D:5: 1757 daAuts
     D:2: 1410 daAuts
     D:4: 773 daAuts
     D:6: 537 daAuts
     D:1: 530 daAuts
     D:7: 67 daAuts
